[ AOE2 MATCH · #485408823 ]
UnrankedMalians vs Khmer
[ REPLAY ANALYSIS · EXTRACTED FROM THE RECORDED GAME ]
Feudal
10:31
Castle
14:53
Imperial
33:45
| APM avg | 54.7 |
| APM peak | 115 |
| eAPM avg | 28.5 |
| Villagers / military | 174 / 184 |
Focus
⚔️ 35.9% · 🌾 64.1%
Knight ×86 · Scout Cavalry ×53 · Gbeto ×41 · Petard ×4 · Trade Cart ×3
Feudal
10:56
Castle
14:27
Imperial
28:53
| APM avg | 61.1 |
| APM peak | 101 |
| eAPM avg | 41.0 |
| Villagers / military | 231 / 198 |
Focus
⚔️ 51.4% · 🌾 48.6%
Hand Cannoneer ×94 · Bombard Cannon ×49 · Spearman ×18 · Skirmisher ×17 · Mangonel ×9 · Hussite Wagon ×6
Feudal
10:56
Castle
13:37
Imperial
33:23
| APM avg | 61.7 |
| APM peak | 99 |
| eAPM avg | 31.4 |
| Villagers / military | 158 / 274 |
Focus
⚔️ 43.7% · 🌾 56.3%
Battle Elephant ×159 · Scout Cavalry ×98 · Trade Cart ×20 · Knight ×17
Feudal
7:38
Castle
15:48
Imperial
32:06
| APM avg | 34.2 |
| APM peak | 76 |
| eAPM avg | 24.5 |
| Villagers / military | 171 / 68 |
Focus
⚔️ 38.7% · 🌾 61.3%
Scout Cavalry ×36 · Mangudai ×24 · Trade Cart ×7 · Mangonel ×4 · Trebuchet (Packed) ×4
Feudal
9:41
Castle
13:31
Imperial
34:50
| APM avg | 39.3 |
| APM peak | 69 |
| eAPM avg | 22.2 |
| Villagers / military | 135 / 214 |
Focus
⚔️ 46.1% · 🌾 53.9%
Scorpion ×191 · Battering Ram ×18 · Trebuchet (Packed) ×5
Feudal
10:32
Castle
14:31
Imperial
29:44
| APM avg | 60.2 |
| APM peak | 107 |
| eAPM avg | 37.9 |
| Villagers / military | 197 / 332 |
Focus
⚔️ 49.4% · 🌾 50.6%
Spearman ×247 · Organ Gun ×44 · Bombard Cannon ×38 · Mangonel ×3
Feudal
10:31
Castle
14:01
Imperial
32:50
| APM avg | 55.1 |
| APM peak | 96 |
| eAPM avg | 33.4 |
| Villagers / military | 207 / 422 |
Focus
⚔️ 44.7% · 🌾 55.3%
Spearman ×324 · Battering Ram ×57 · Trade Cart ×40 · Militia ×38 · Mangonel ×3
Feudal
10:08
Castle
13:38
Imperial
26:55
| APM avg | 55.9 |
| APM peak | 105 |
| eAPM avg | 30.3 |
| Villagers / military | 162 / 65 |
Focus
⚔️ 38.3% · 🌾 61.7%
Unknown (2562) ×135 · Monk ×59 · Trade Cart ×25 · Trebuchet (Packed) ×6
Match map
Initial resources + every placement click. Lines = walls · curves = elevation contours. ◆ gold · ⬟ stone · ● berries · ✦ relic · ◌ wall gap
Your base· ✓ Closed at 14:53 · 0t walls · 2 gate(s)
TAG_Sitaux's base· ✓ Closed at 14:27 · 0t walls · 3 gate(s)
[LuB]夢夢's base· ✓ Closed at 13:37 · 0t walls · 2 gate(s)
Dfx2, l'Immondice's base· ✓ Closed at 15:48 · 31t walls · 2 gate(s)
GKT_Cloud's base· ✓ Closed at 13:31 · 1t walls · 2 gate(s)
Shulk's base· ✓ Closed at 14:31 · 0t walls · 2 gate(s)
04py's base· ✓ Closed at 14:01 · 0t walls · 2 gate(s)
[LuB]myqbox's base· ✓ Closed at 13:38 · 0t walls · 3 gate(s)
Smoothed initial terrain · ◌ = detected wall gap · hover for details
Inputs per minute
— RoRo_FleXx - - TAG_Sitaux
Build order — RoRo_FleXx
First 150 of 568 actions detected
| 0:01 | Create | Villager (Male) |
| 0:02 | Create | Villager (Male) |
| 0:02 | Create | Villager (Male) |
| 0:02 | Create | Villager (Male) |
| 0:03 | Build | House |
| 0:04 | Build | House |
| 1:25 | Create | Villager (Male) |
| 1:59 | Create | Villager (Male) |
| 2:22 | Create | Villager (Male) |
| 2:37 | Build | Lumber Camp |
| 2:48 | Create | Villager (Male) |
| 2:49 | Create | Villager (Male) |
| 3:19 | Create | Villager (Male) |
| 3:19 | Create | Villager (Male) |
| 3:25 | Build | House |
| 3:26 | Build | House |
| 3:52 | Create | Villager (Male) |
| 3:52 | Create | Villager (Male) |
| 4:08 | Create | Villager (Male) |
| 4:08 | Create | Villager (Male) |
| 4:28 | Create | Villager (Male) |
| 4:45 | Build | Mill |
| 4:47 | Create | Villager (Male) |
| 5:19 | Create | Villager (Male) |
| 5:19 | Create | Villager (Male) |
| 5:28 | Create | Villager (Male) |
| 6:08 | Create | Villager (Male) |
| 6:46 | Build | Mining Camp |
| 6:58 | Create | Villager (Male) |
| 7:15 | Build | Mining Camp |
| 7:27 | Build | Farm |
| 7:59 | Build | Farm |
| 8:13 | Research | Feudal Age |
| 8:29 | Build | House |
| 9:39 | Create | Villager (Male) |
| 9:39 | Create | Villager (Male) |
| 9:39 | Research | Loom |
| 10:31 | Age | Feudal Age |
| 10:38 | Build | Market |
| 10:48 | Build | Blacksmith |
| 11:00 | Create | Villager (Male) |
| 11:27 | Build | House |
| 11:47 | Create | Villager (Male) |
| 12:13 | Research | Castle Age |
| 12:42 | Build | Farm |
| 12:47 | Build | Farm |
| 12:52 | Build | Farm |
| 13:09 | Research | Double-Bit Axe |
| 13:09 | Research | Double-Bit Axe |
| 13:56 | Research | Horse Collar |
| 14:31 | Create | Villager (Male) |
| 14:53 | Age | Castle Age |
| 14:57 | Build | Castle |
| 15:08 | Create | Villager (Male) |
| 15:23 | Create | Villager (Male) |
| 15:30 | Build | Mill |
| 15:45 | Research | Forging |
| 16:01 | Create | Gbeto |
| 16:01 | Create | Gbeto |
| 16:01 | Create | Gbeto |
| 16:01 | Create | Gbeto |
| 16:03 | Create | Villager (Male) |
| 16:09 | Build | Farm |
| 16:16 | Build | House |
| 16:17 | Build | House |
| 16:22 | Create | Villager (Male) |
| 16:42 | Create | Gbeto |
| 16:56 | Create | Villager (Male) |
| 17:08 | Build | Farm |
| 17:19 | Create | Villager (Male) |
| 17:25 | Build | House |
| 17:26 | Build | House |
| 17:37 | Create | Gbeto |
| 17:37 | Create | Gbeto |
| 17:41 | Create | Villager (Male) |
| 17:47 | Create | Petard |
| 17:47 | Create | Petard |
| 18:13 | Create | Villager (Male) |
| 18:13 | Create | Villager (Male) |
| 18:25 | Build | Farm |
| 18:27 | Build | Farm |
| 18:29 | Create | Villager (Male) |
| 18:39 | Create | Gbeto |
| 18:40 | Create | Gbeto |
| 18:42 | Build | House |
| 18:51 | Build | House |
| 18:57 | Create | Petard |
| 18:57 | Create | Petard |
| 19:13 | Build | Farm |
| 19:17 | Build | Farm |
| 19:19 | Build | Farm |
| 19:19 | Create | Villager (Male) |
| 19:38 | Create | Villager (Male) |
| 19:44 | Build | Barracks |
| 19:48 | Research | Iron Casting |
| 19:51 | Build | Farm |
| 20:06 | Create | Gbeto |
| 20:06 | Create | Gbeto |
| 20:06 | Create | Gbeto |
| 20:19 | Create | Villager (Male) |
| 20:24 | Build | Monastery |
| 20:25 | Create | Villager (Male) |
| 20:30 | Build | Farm |
| 20:40 | Build | House |
| 20:41 | Research | Squires |
| 21:08 | Create | Villager (Male) |
| 21:09 | Create | Villager (Male) |
| 21:09 | Create | Gbeto |
| 21:10 | Create | Gbeto |
| 21:18 | Create | Villager (Male) |
| 21:20 | Build | House |
| 21:48 | Create | Villager (Male) |
| 21:49 | Create | Villager (Male) |
| 21:49 | Create | Gbeto |
| 21:49 | Create | Gbeto |
| 21:56 | Create | Villager (Male) |
| 21:58 | Build | House |
| 21:58 | Create | Villager (Male) |
| 22:02 | Build | Town Center |
| 22:22 | Create | Gbeto |
| 22:22 | Create | Gbeto |
| 22:28 | Create | Villager (Male) |
| 22:28 | Create | Villager (Male) |
| 22:34 | Build | Town Center |
| 22:38 | Build | House |
| 22:39 | Build | House |
| 23:09 | Research | Arson |
| 23:09 | Research | Arson |
| 23:26 | Create | Villager (Male) |
| 23:29 | Build | Farm |
| 23:31 | Build | Farm |
| 23:32 | Create | Villager (Male) |
| 23:32 | Create | Villager (Male) |
| 23:37 | Create | Villager (Male) |
| 23:42 | Create | Gbeto |
| 23:43 | Create | Gbeto |
| 23:46 | Build | House |
| 23:47 | Create | Villager (Male) |
| 23:47 | Create | Villager (Male) |
| 24:14 | Build | Farm |
| 24:16 | Build | Farm |
| 24:16 | Create | Villager (Male) |
| 24:16 | Create | Villager (Male) |
| 24:17 | Create | Villager (Male) |
| 24:17 | Create | Villager (Male) |
| 24:17 | Create | Villager (Male) |
| 24:53 | Create | Villager (Male) |
| 24:54 | Create | Villager (Male) |
| 25:01 | Research | Scale Mail Armor |
| 25:01 | Research | Scale Mail Armor |
Build order — TAG_Sitaux
First 150 of 717 actions detected
| 0:01 | Create | Villager (Male) |
| 0:01 | Create | Villager (Male) |
| 0:02 | Build | House |
| 0:02 | Build | House |
| 0:14 | Create | Villager (Male) |
| 0:15 | Create | Villager (Male) |
| 1:28 | Create | Villager (Male) |
| 1:28 | Create | Villager (Male) |
| 1:57 | Build | Lumber Camp |
| 2:00 | Create | Villager (Male) |
| 2:00 | Create | Villager (Male) |
| 2:14 | Create | Villager (Male) |
| 2:15 | Create | Villager (Male) |
| 2:34 | Create | Villager (Male) |
| 2:35 | Create | Villager (Male) |
| 3:04 | Create | Villager (Male) |
| 3:26 | Build | House |
| 3:28 | Build | House |
| 3:31 | Create | Villager (Male) |
| 3:31 | Create | Villager (Male) |
| 3:37 | Create | Villager (Male) |
| 4:01 | Create | Villager (Male) |
| 4:02 | Create | Villager (Male) |
| 4:36 | Build | Mill |
| 4:59 | Create | Villager (Male) |
| 4:59 | Create | Villager (Male) |
| 5:20 | Create | Villager (Male) |
| 5:23 | Create | Villager (Male) |
| 5:25 | Create | Villager (Male) |
| 5:25 | Create | Villager (Male) |
| 5:25 | Create | Villager (Male) |
| 5:52 | Create | Villager (Male) |
| 5:53 | Create | Villager (Male) |
| 6:13 | Create | Villager (Male) |
| 6:14 | Create | Villager (Male) |
| 6:14 | Create | Villager (Male) |
| 6:24 | Build | Farm |
| 6:26 | Build | Farm |
| 6:28 | Build | Farm |
| 7:01 | Build | House |
| 8:10 | Build | Farm |
| 8:15 | Create | Villager (Male) |
| 8:34 | Build | Mining Camp |
| 8:40 | Research | Feudal Age |
| 8:41 | Research | Feudal Age |
| 9:51 | Create | Villager (Male) |
| 9:52 | Create | Villager (Male) |
| 10:56 | Age | Feudal Age |
| 10:57 | Build | Market |
| 10:58 | Build | Blacksmith |
| 11:29 | Build | House |
| 11:47 | Research | Castle Age |
| 11:47 | Research | Castle Age |
| 11:49 | Create | Villager (Male) |
| 11:49 | Create | Villager (Male) |
| 11:52 | Research | Double-Bit Axe |
| 11:52 | Research | Double-Bit Axe |
| 12:03 | Research | Horse Collar |
| 12:03 | Research | Horse Collar |
| 12:06 | Build | Farm |
| 12:07 | Build | Farm |
| 12:09 | Build | Farm |
| 13:50 | Create | Villager (Male) |
| 14:27 | Age | Castle Age |
| 14:30 | Build | Town Center |
| 14:40 | Build | Town Center |
| 14:41 | Create | Villager (Male) |
| 15:02 | Research | Bow Saw |
| 15:02 | Research | Bow Saw |
| 15:03 | Create | Villager (Male) |
| 15:24 | Build | Farm |
| 15:28 | Create | Villager (Male) |
| 15:50 | Build | Monastery |
| 15:52 | Create | Villager (Male) |
| 15:55 | Create | Villager (Male) |
| 15:57 | Create | Villager (Male) |
| 16:05 | Create | Villager (Male) |
| 16:06 | Create | Villager (Male) |
| 16:09 | Build | Farm |
| 16:11 | Create | Villager (Male) |
| 16:12 | Create | Villager (Male) |
| 16:16 | Build | Farm |
| 16:18 | Create | Villager (Male) |
| 16:22 | Create | Villager (Male) |
| 16:23 | Build | Farm |
| 16:31 | Build | Farm |
| 16:41 | Build | Farm |
| 16:48 | Build | Farm |
| 16:51 | Build | Farm |
| 16:52 | Create | Villager (Male) |
| 16:58 | Build | Farm |
| 17:01 | Create | Villager (Male) |
| 17:01 | Create | Villager (Male) |
| 17:03 | Create | Monk |
| 17:13 | Build | Farm |
| 17:17 | Build | Farm |
| 17:19 | Build | Farm |
| 17:24 | Create | Villager (Male) |
| 17:24 | Create | Villager (Male) |
| 17:29 | Build | House |
| 17:30 | Build | House |
| 17:33 | Create | Villager (Male) |
| 17:33 | Create | Villager (Male) |
| 17:37 | Create | Villager (Male) |
| 17:37 | Create | Villager (Male) |
| 17:47 | Create | Villager (Male) |
| 17:50 | Build | Farm |
| 17:53 | Build | Farm |
| 18:00 | Create | Villager (Male) |
| 18:00 | Create | Villager (Male) |
| 18:02 | Build | Farm |
| 18:04 | Create | Villager (Male) |
| 18:04 | Create | Villager (Male) |
| 18:08 | Create | Monk |
| 18:12 | Create | Villager (Male) |
| 18:21 | Build | Siege Workshop |
| 18:26 | Build | Farm |
| 18:28 | Create | Villager (Male) |
| 18:29 | Create | Villager (Male) |
| 18:36 | Create | Villager (Male) |
| 18:38 | Create | Villager (Male) |
| 18:39 | Build | Farm |
| 18:44 | Create | Villager (Male) |
| 18:44 | Create | Villager (Male) |
| 18:55 | Build | Farm |
| 19:01 | Create | Villager (Male) |
| 19:04 | Create | Villager (Male) |
| 19:05 | Create | Mangonel |
| 19:09 | Build | House |
| 19:09 | Build | House |
| 19:11 | Create | Villager (Male) |
| 19:11 | Create | Villager (Male) |
| 19:19 | Build | House |
| 19:21 | Create | Villager (Male) |
| 19:21 | Create | Villager (Male) |
| 19:32 | Create | Villager (Male) |
| 19:48 | Research | Fervor |
| 19:48 | Research | Fervor |
| 19:53 | Create | Villager (Male) |
| 19:54 | Create | Villager (Male) |
| 19:55 | Build | Mining Camp |
| 19:58 | Build | Farm |
| 19:58 | Build | Farm |
| 20:00 | Build | Farm |
| 20:17 | Create | Villager (Male) |
| 20:17 | Create | Villager (Male) |
| 20:18 | Create | Villager (Male) |
| 20:25 | Build | Farm |
| 20:27 | Build | Farm |
| 20:30 | Create | Villager (Male) |
Build order — [LuB]夢夢
First 150 of 676 actions detected
| 0:00 | Create | Villager (Male) |
| 0:00 | Create | Villager (Male) |
| 0:01 | Create | Villager (Male) |
| 0:01 | Create | Villager (Male) |
| 0:03 | Build | House |
| 0:04 | Build | House |
| 1:30 | Create | Villager (Male) |
| 1:30 | Create | Villager (Male) |
| 2:02 | Create | Villager (Male) |
| 2:02 | Create | Villager (Male) |
| 2:14 | Build | Lumber Camp |
| 2:21 | Create | Villager (Male) |
| 2:29 | Create | Villager (Male) |
| 3:20 | Create | Villager (Male) |
| 3:20 | Create | Villager (Male) |
| 3:49 | Build | House |
| 3:50 | Build | House |
| 3:52 | Build | House |
| 4:05 | Create | Villager (Male) |
| 4:05 | Create | Villager (Male) |
| 4:20 | Create | Villager (Male) |
| 5:14 | Create | Villager (Male) |
| 5:16 | Build | Mill |
| 5:44 | Create | Villager (Male) |
| 6:03 | Build | Farm |
| 6:05 | Build | Farm |
| 6:08 | Build | Farm |
| 6:10 | Create | Villager (Male) |
| 6:24 | Create | Villager (Male) |
| 6:42 | Build | Farm |
| 6:58 | Create | Villager (Male) |
| 7:16 | Create | Villager (Male) |
| 7:37 | Create | Villager (Male) |
| 7:37 | Create | Villager (Male) |
| 7:55 | Research | Feudal Age |
| 8:02 | Build | Mining Camp |
| 10:08 | Build | Farm |
| 10:38 | Build | House |
| 10:56 | Age | Feudal Age |
| 10:57 | Research | Castle Age |
| 10:57 | Research | Castle Age |
| 10:59 | Build | Stable |
| 11:31 | Research | Horse Collar |
| 11:36 | Build | Farm |
| 11:38 | Build | Farm |
| 11:45 | Build | House |
| 11:54 | Build | Farm |
| 11:59 | Create | Scout Cavalry |
| 12:11 | Build | Farm |
| 12:19 | Build | House |
| 12:24 | Create | Villager (Male) |
| 12:32 | Research | Double-Bit Axe |
| 12:32 | Research | Double-Bit Axe |
| 12:50 | Build | House |
| 12:53 | Create | Scout Cavalry |
| 13:05 | Build | Farm |
| 13:08 | Create | Villager (Male) |
| 13:11 | Build | Farm |
| 13:23 | Create | Scout Cavalry |
| 13:37 | Age | Castle Age |
| 13:39 | Create | Knight |
| 13:53 | Build | Farm |
| 13:55 | Create | Knight |
| 14:14 | Research | Bow Saw |
| 14:26 | Create | Villager (Male) |
| 14:27 | Create | Knight |
| 14:28 | Create | Knight |
| 14:44 | Create | Knight |
| 14:56 | Create | Villager (Male) |
| 14:56 | Create | Villager (Male) |
| 15:04 | Create | Villager (Male) |
| 15:06 | Build | Farm |
| 15:17 | Create | Villager (Male) |
| 15:28 | Create | Knight |
| 15:32 | Build | Farm |
| 15:32 | Build | Farm |
| 15:32 | Build | Farm |
| 15:33 | Build | Farm |
| 15:51 | Create | Villager (Male) |
| 15:56 | Create | Villager (Male) |
| 16:07 | Build | Farm |
| 16:45 | Research | Husbandry |
| 16:47 | Create | Villager (Male) |
| 16:57 | Create | Villager (Male) |
| 16:59 | Create | Knight |
| 16:59 | Create | Knight |
| 17:13 | Create | Villager (Male) |
| 17:13 | Create | Villager (Male) |
| 17:16 | Build | House |
| 17:36 | Create | Knight |
| 17:47 | Build | Farm |
| 17:47 | Build | Farm |
| 17:47 | Build | Farm |
| 17:47 | Build | Farm |
| 17:48 | Build | Farm |
| 17:49 | Create | Villager (Male) |
| 17:57 | Build | House |
| 18:17 | Create | Knight |
| 18:26 | Create | Villager (Male) |
| 18:33 | Build | House |
| 18:55 | Create | Villager (Male) |
| 18:58 | Build | Town Center |
| 19:18 | Build | House |
| 19:19 | Build | House |
| 19:28 | Create | Knight |
| 19:54 | Create | Knight |
| 20:03 | Create | Villager (Male) |
| 20:05 | Research | Wheelbarrow |
| 20:14 | Create | Villager (Male) |
| 20:15 | Create | Villager (Male) |
| 20:18 | Create | Villager (Male) |
| 20:20 | Build | Farm |
| 20:21 | Build | Farm |
| 20:36 | Create | Knight |
| 21:19 | Create | Villager (Male) |
| 21:29 | Create | Villager (Male) |
| 21:31 | Create | Villager (Male) |
| 21:35 | Build | Town Center |
| 21:36 | Create | Villager (Male) |
| 21:36 | Create | Villager (Male) |
| 21:40 | Build | House |
| 21:42 | Build | House |
| 21:42 | Build | House |
| 21:50 | Create | Villager (Male) |
| 21:51 | Create | Knight |
| 22:06 | Create | Villager (Male) |
| 22:08 | Build | Farm |
| 22:51 | Research | Hand Cart |
| 22:51 | Research | Hand Cart |
| 22:54 | Create | Villager (Male) |
| 22:55 | Create | Knight |
| 23:08 | Create | Villager (Male) |
| 23:09 | Create | Villager (Male) |
| 23:13 | Create | Villager (Male) |
| 23:15 | Build | House |
| 23:16 | Build | House |
| 23:32 | Create | Knight |
| 24:04 | Build | Town Center |
| 24:08 | Create | Villager (Male) |
| 24:09 | Create | Villager (Male) |
| 24:09 | Create | Villager (Male) |
| 24:23 | Create | Villager (Male) |
| 24:26 | Build | House |
| 25:19 | Create | Knight |
| 25:19 | Create | Villager (Male) |
| 25:20 | Create | Villager (Male) |
| 25:29 | Create | Villager (Male) |
| 25:29 | Create | Villager (Male) |
| 25:30 | Create | Villager (Male) |
| 25:31 | Create | Villager (Male) |
Build order — Dfx2, l'Immondice
First 150 of 431 actions detected
| 0:01 | Create | Villager (Male) ×4 |
| 0:02 | Build | House |
| 0:03 | Build | House |
| 1:39 | Create | Villager (Male) |
| 1:56 | Create | Villager (Male) |
| 2:08 | Create | Villager (Male) |
| 2:18 | Build | Lumber Camp |
| 2:45 | Create | Villager (Male) |
| 3:05 | Create | Villager (Male) |
| 3:05 | Create | Villager (Male) |
| 3:48 | Build | House |
| 3:51 | Create | Villager (Male) |
| 3:59 | Create | Villager (Male) |
| 4:49 | Build | Mill |
| 5:03 | Create | Villager (Male) |
| 5:27 | Build | House |
| 5:28 | Research | Feudal Age |
| 7:20 | Create | Villager (Male) |
| 7:38 | Age | Feudal Age |
| 7:41 | Build | Watch Tower |
| 7:42 | Research | Double-Bit Axe |
| 7:42 | Research | Double-Bit Axe |
| 7:43 | Create | Villager (Male) |
| 8:07 | Create | Villager (Male) |
| 8:09 | Build | Farm |
| 8:31 | Create | Villager (Male) |
| 8:38 | Build | Mining Camp |
| 8:51 | Create | Villager (Male) |
| 8:59 | Build | Farm |
| 9:03 | Build | Farm |
| 9:39 | Create | Villager (Male) |
| 9:43 | Build | Farm |
| 9:54 | Create | Villager (Male) |
| 10:12 | Create | Villager (Male) |
| 10:26 | Create | Villager (Male) |
| 10:35 | Build | Market |
| 10:38 | Build | House |
| 10:47 | Create | Villager (Male) |
| 11:04 | Create | Villager (Male) |
| 11:08 | Build | House |
| 11:57 | Build | Blacksmith |
| 12:19 | Create | Villager (Male) |
| 13:08 | Research | Castle Age |
| 13:08 | Research | Castle Age |
| 13:11 | Build | Mining Camp |
| 13:21 | Build | Stone Wall |
| 13:42 | Create | Villager (Male) |
| 13:54 | Build | Lumber Camp |
| 14:11 | Build | Stone Wall |
| 14:48 | Research | Loom |
| 14:48 | Research | Loom |
| 14:48 | Research | Loom |
| 14:56 | Build | Stone Wall |
| 15:14 | Build | Stone Wall |
| 15:27 | Create | Villager (Male) |
| 15:48 | Age | Castle Age |
| 15:56 | Build | Siege Workshop |
| 16:04 | Build | Mining Camp |
| 16:14 | Build | House |
| 16:15 | Build | House |
| 16:18 | Build | House |
| 16:21 | Build | House |
| 16:39 | Build | Stone Wall |
| 16:49 | Create | Mangonel |
| 16:49 | Create | Mangonel |
| 16:50 | Create | Villager (Male) |
| 17:02 | Create | Villager (Male) |
| 17:34 | Build | Farm |
| 17:36 | Build | Farm |
| 17:38 | Create | Villager (Male) |
| 17:58 | Create | Villager (Male) |
| 18:33 | Create | Villager (Male) |
| 19:02 | Create | Mangonel |
| 19:08 | Build | Farm |
| 19:09 | Build | Farm |
| 19:10 | Create | Villager (Male) |
| 19:25 | Build | Market |
| 19:40 | Create | Villager (Male) |
| 19:43 | Build | Farm |
| 20:06 | Create | Villager (Male) |
| 20:23 | Build | Town Center |
| 20:33 | Build | Farm |
| 20:35 | Build | Farm |
| 20:37 | Create | Villager (Male) |
| 21:03 | Create | Villager (Male) |
| 21:27 | Build | Town Center |
| 21:33 | Create | Villager (Male) |
| 21:38 | Build | Town Center |
| 21:43 | Build | Farm |
| 21:44 | Build | Farm |
| 21:48 | Build | Farm |
| 21:53 | Create | Villager (Male) |
| 21:59 | Build | Farm |
| 22:01 | Build | Farm |
| 22:10 | Create | Villager (Male) |
| 22:20 | Build | Farm |
| 22:24 | Build | Farm |
| 22:26 | Build | Farm |
| 22:26 | Create | Villager (Male) |
| 22:44 | Create | Villager (Male) |
| 22:50 | Build | Farm |
| 22:51 | Build | Farm |
| 22:53 | Build | Farm |
| 22:55 | Create | Villager (Male) |
| 23:04 | Research | Horse Collar |
| 23:04 | Research | Horse Collar |
| 23:11 | Create | Villager (Male) |
| 23:32 | Research | Bow Saw |
| 23:32 | Research | Bow Saw |
| 23:32 | Research | Bow Saw |
| 23:38 | Build | Lumber Camp |
| 23:39 | Create | Villager (Male) |
| 23:44 | Create | Villager (Male) |
| 23:55 | Create | Villager (Male) |
| 24:03 | Create | Villager (Male) |
| 24:16 | Create | Villager (Male) |
| 24:29 | Build | Castle |
| 24:34 | Create | Villager (Male) |
| 24:39 | Create | Villager (Male) |
| 24:42 | Create | Villager (Male) |
| 24:43 | Create | Villager (Male) |
| 24:46 | Build | House |
| 24:47 | Build | House |
| 24:56 | Build | Stone Wall |
| 24:58 | Create | Villager (Male) |
| 25:10 | Build | Farm |
| 25:10 | Build | Farm |
| 25:11 | Build | Farm |
| 25:11 | Build | Farm |
| 25:11 | Build | Farm |
| 25:11 | Build | Farm |
| 25:11 | Build | Farm |
| 25:12 | Build | Farm |
| 25:16 | Research | Heavy Plow |
| 25:16 | Research | Heavy Plow |
| 25:19 | Create | Villager (Male) |
| 25:32 | Create | Villager (Male) |
| 25:34 | Build | Farm |
| 25:55 | Build | Mining Camp |
| 25:58 | Create | Villager (Male) |
| 25:59 | Create | Villager (Male) |
| 26:05 | Create | Villager (Male) |
| 26:10 | Build | Farm |
| 26:12 | Build | Farm |
| 26:15 | Build | Farm |
| 26:16 | Create | Villager (Male) |
| 26:22 | Create | Mangudai |
| 26:33 | Build | Gate |
| 26:34 | Create | Villager (Male) |
| 26:38 | Build | Farm |
Build order — GKT_Cloud
First 150 of 328 actions detected
| 0:00 | Create | Villager (Male) |
| 0:01 | Create | Villager (Male) |
| 0:02 | Build | House |
| 0:03 | Build | House |
| 0:17 | Create | Villager (Male) |
| 0:17 | Create | Villager (Male) |
| 1:28 | Create | Villager (Male) |
| 1:28 | Create | Villager (Male) |
| 1:58 | Create | Villager (Male) |
| 2:05 | Create | Villager (Male) |
| 2:05 | Create | Villager (Male) |
| 2:21 | Build | Lumber Camp |
| 2:46 | Create | Villager (Male) |
| 2:57 | Create | Villager (Male) |
| 2:57 | Create | Villager (Male) |
| 3:31 | Create | Villager (Male) |
| 3:51 | Build | House |
| 3:54 | Create | Villager (Male) |
| 4:14 | Build | House |
| 4:21 | Create | Villager (Male) |
| 4:27 | Create | Villager (Male) |
| 4:35 | Build | Mill |
| 5:16 | Create | Villager (Male) |
| 5:26 | Create | Villager (Male) |
| 5:26 | Create | Villager (Male) |
| 5:26 | Create | Villager (Male) |
| 6:31 | Create | Villager (Male) |
| 6:59 | Create | Villager (Male) |
| 7:05 | Research | Loom |
| 7:24 | Research | Feudal Age |
| 7:56 | Build | House |
| 7:59 | Build | House |
| 9:41 | Age | Feudal Age |
| 9:54 | Build | Market |
| 9:56 | Create | Villager (Male) |
| 10:11 | Build | Blacksmith |
| 10:41 | Build | Stone Wall |
| 10:51 | Research | Castle Age |
| 11:04 | Build | Mining Camp |
| 11:27 | Build | Farm |
| 12:38 | Research | Double-Bit Axe |
| 13:05 | Create | Villager (Male) |
| 13:31 | Age | Castle Age |
| 13:35 | Build | Siege Workshop |
| 13:37 | Build | Siege Workshop |
| 13:47 | Create | Villager (Male) |
| 14:10 | Create | Villager (Male) |
| 14:16 | Create | Battering Ram |
| 14:18 | Create | Scorpion |
| 14:28 | Build | Farm |
| 14:29 | Create | Villager (Male) |
| 14:54 | Create | Battering Ram |
| 15:04 | Create | Scorpion |
| 15:05 | Create | Villager (Male) |
| 15:14 | Build | Farm |
| 15:26 | Create | Scorpion |
| 15:26 | Create | Scorpion |
| 15:50 | Create | Villager (Male) |
| 16:00 | Create | Scorpion |
| 16:00 | Create | Scorpion |
| 16:05 | Build | Farm |
| 16:44 | Create | Scorpion |
| 16:44 | Create | Scorpion |
| 17:09 | Create | Villager (Male) |
| 17:10 | Create | Scorpion |
| 17:10 | Create | Scorpion |
| 17:13 | Build | Farm |
| 17:34 | Create | Villager (Male) |
| 17:42 | Create | Scorpion |
| 17:42 | Create | Scorpion |
| 18:00 | Create | Villager (Male) |
| 18:00 | Create | Villager (Male) |
| 18:02 | Build | Farm |
| 18:03 | Build | Farm |
| 18:25 | Create | Villager (Male) |
| 18:26 | Create | Villager (Male) |
| 18:29 | Build | House |
| 18:30 | Build | House |
| 18:30 | Build | House |
| 18:50 | Create | Villager (Male) |
| 19:04 | Create | Scorpion |
| 19:05 | Create | Scorpion |
| 19:12 | Create | Villager (Male) |
| 19:14 | Build | Farm |
| 19:19 | Build | House |
| 19:50 | Create | Villager (Male) ×2 |
| 19:57 | Create | Scorpion |
| 19:57 | Create | Scorpion |
| 20:05 | Build | Farm |
| 21:00 | Create | Villager (Male) ×3 |
| 21:10 | Build | Town Center |
| 21:31 | Create | Villager (Male) |
| 21:31 | Create | Villager (Male) |
| 22:01 | Research | Wheelbarrow |
| 22:01 | Create | Villager (Male) |
| 22:01 | Create | Villager (Male) |
| 22:07 | Research | Bow Saw |
| 22:07 | Research | Bow Saw |
| 22:29 | Create | Villager (Male) |
| 22:31 | Build | Farm |
| 22:31 | Build | Farm |
| 22:32 | Build | Farm |
| 23:23 | Create | Villager (Male) ×4 |
| 23:45 | Create | Villager (Male) ×2 |
| 24:01 | Build | Town Center |
| 25:16 | Create | Villager (Male) ×5 |
| 25:25 | Build | Farm |
| 25:26 | Build | Farm |
| 25:26 | Build | Farm |
| 25:26 | Build | Farm |
| 25:27 | Create | Villager (Male) |
| 25:39 | Build | Farm |
| 25:39 | Build | Farm |
| 25:42 | Build | Mining Camp |
| 25:52 | Build | House |
| 25:56 | Build | Outpost |
| 25:59 | Create | Villager (Male) |
| 26:00 | Build | Farm |
| 26:00 | Build | Farm |
| 26:01 | Build | Farm |
| 26:01 | Build | Farm |
| 26:03 | Build | Farm |
| 26:03 | Build | Farm |
| 26:04 | Create | Villager (Male) |
| 26:04 | Create | Villager (Male) |
| 26:08 | Build | Farm |
| 26:10 | Build | Farm |
| 26:23 | Create | Scorpion |
| 26:23 | Create | Scorpion |
| 26:26 | Build | Farm |
| 26:27 | Build | Farm |
| 26:28 | Build | Lumber Camp |
| 26:30 | Create | Villager (Male) |
| 26:37 | Build | Farm |
| 26:38 | Build | Farm |
| 26:38 | Create | Villager (Male) ×2 |
| 26:44 | Build | Farm |
| 26:44 | Build | Farm |
| 26:57 | Create | Villager (Male) |
| 27:09 | Create | Villager (Male) ×3 |
| 27:21 | Build | Farm |
| 27:26 | Create | Villager (Male) |
| 27:27 | Create | Villager (Male) |
| 27:30 | Research | Horse Collar |
| 27:33 | Create | Scorpion |
| 27:33 | Create | Scorpion |
| 27:42 | Build | House |
| 27:43 | Build | House |
| 27:46 | Build | House |
| 28:01 | Research | Hand Cart |
Build order — Shulk
First 150 of 762 actions detected
| 0:02 | Create | Villager (Male) |
| 0:02 | Create | Villager (Male) |
| 0:02 | Create | Villager (Male) |
| 0:03 | Create | Villager (Male) |
| 0:03 | Build | House |
| 0:04 | Build | House |
| 1:27 | Create | Villager (Male) |
| 1:27 | Create | Villager (Male) |
| 1:47 | Build | Lumber Camp |
| 1:53 | Create | Villager (Male) |
| 2:21 | Create | Villager (Male) |
| 2:21 | Create | Villager (Male) |
| 2:49 | Create | Villager (Male) |
| 2:50 | Create | Villager (Male) |
| 3:16 | Create | Villager (Male) |
| 3:16 | Create | Villager (Male) |
| 3:16 | Create | Villager (Male) |
| 3:28 | Build | House |
| 3:41 | Create | Villager (Male) |
| 4:01 | Build | Mill |
| 4:12 | Create | Villager (Male) |
| 4:12 | Create | Villager (Male) |
| 4:40 | Create | Villager (Male) |
| 5:04 | Build | House |
| 5:10 | Create | Villager (Male) |
| 5:13 | Create | Villager (Male) |
| 5:13 | Create | Villager (Male) |
| 5:35 | Create | Villager (Male) |
| 5:35 | Create | Villager (Male) |
| 5:55 | Build | Farm |
| 5:56 | Build | Farm |
| 6:06 | Create | Villager (Male) |
| 6:17 | Create | Villager (Male) |
| 6:24 | Build | Farm |
| 6:29 | Create | Villager (Male) |
| 7:59 | Build | Mining Camp |
| 8:02 | Research | Feudal Age |
| 9:25 | Build | House |
| 10:03 | Create | Villager (Male) |
| 10:04 | Create | Villager (Male) |
| 10:32 | Age | Feudal Age |
| 10:33 | Build | Blacksmith |
| 10:35 | Build | Market |
| 11:26 | Create | Villager (Male) |
| 11:35 | Research | Castle Age |
| 11:59 | Research | Double-Bit Axe |
| 11:59 | Research | Horse Collar |
| 12:21 | Build | Farm |
| 12:42 | Build | Farm |
| 12:49 | Build | Farm |
| 12:53 | Build | House |
| 12:53 | Build | House |
| 12:58 | Build | Farm |
| 13:02 | Build | Farm |
| 14:31 | Build | House |
| 14:31 | Age | Castle Age |
| 14:35 | Create | Villager (Male) |
| 14:35 | Create | Villager (Male) |
| 14:40 | Build | Town Center |
| 14:40 | Create | Villager (Male) |
| 14:50 | Research | Bow Saw |
| 15:02 | Build | Town Center |
| 15:02 | Create | Villager (Male) |
| 15:11 | Build | House |
| 15:13 | Build | House |
| 15:15 | Research | Wheelbarrow |
| 15:23 | Create | Villager (Male) |
| 15:31 | Build | Farm |
| 15:32 | Build | Farm |
| 15:33 | Create | Villager (Male) |
| 15:38 | Create | Villager (Male) |
| 15:49 | Create | Villager (Male) |
| 16:14 | Create | Villager (Male) |
| 16:18 | Build | Farm |
| 16:19 | Create | Villager (Male) |
| 16:24 | Create | Villager (Male) |
| 16:24 | Create | Villager (Male) |
| 16:24 | Create | Villager (Male) |
| 16:38 | Create | Villager (Male) |
| 16:43 | Build | House |
| 16:57 | Create | Villager (Male) |
| 17:00 | Build | Palisade Wall |
| 17:01 | Build | Palisade Wall |
| 17:03 | Build | Palisade Wall |
| 17:08 | Build | Palisade Wall |
| 17:09 | Build | Palisade Wall |
| 17:14 | Build | Palisade Wall |
| 17:16 | Build | House |
| 17:16 | Create | Villager (Male) |
| 17:17 | Build | Palisade Wall |
| 17:19 | Build | House |
| 17:29 | Build | Farm |
| 17:29 | Create | Villager (Male) |
| 17:47 | Build | Siege Workshop |
| 18:02 | Create | Villager (Male) |
| 18:02 | Create | Villager (Male) |
| 18:03 | Create | Villager (Male) |
| 18:04 | Create | Villager (Male) |
| 18:04 | Create | Villager (Male) |
| 18:07 | Build | Farm |
| 18:08 | Build | Farm |
| 18:10 | Build | Farm |
| 18:21 | Create | Mangonel |
| 18:36 | Create | Villager (Male) |
| 18:36 | Create | Villager (Male) |
| 18:41 | Create | Villager (Male) |
| 18:41 | Create | Villager (Male) |
| 18:52 | Build | Farm |
| 18:54 | Build | Farm |
| 18:55 | Build | Farm |
| 19:03 | Create | Villager (Male) |
| 19:08 | Create | Mangonel |
| 19:13 | Create | Villager (Male) |
| 19:22 | Create | Villager (Male) |
| 19:32 | Build | Outpost |
| 19:45 | Create | Villager (Male) |
| 19:52 | Research | Loom |
| 19:53 | Create | Villager (Male) |
| 19:54 | Create | Villager (Male) |
| 19:56 | Build | Stone Wall |
| 19:57 | Build | Stone Wall |
| 19:59 | Create | Villager (Male) |
| 20:06 | Build | Stone Wall |
| 20:16 | Create | Villager (Male) |
| 20:16 | Create | Villager (Male) |
| 20:20 | Build | Farm |
| 20:20 | Build | Farm |
| 20:21 | Create | Villager (Male) |
| 20:21 | Create | Villager (Male) |
| 20:27 | Build | Stone Wall |
| 20:29 | Create | Villager (Male) |
| 20:31 | Build | Stone Wall |
| 20:36 | Create | Mangonel |
| 20:38 | Create | Villager (Male) |
| 20:55 | Build | Mill |
| 20:55 | Build | Farm |
| 20:56 | Build | Farm |
| 20:56 | Build | Farm |
| 20:56 | Build | Farm |
| 20:57 | Build | Farm |
| 20:57 | Build | Farm |
| 20:58 | Create | Villager (Male) |
| 21:06 | Build | Gate |
| 21:06 | Create | Villager (Male) |
| 21:20 | Create | Villager (Male) |
| 21:31 | Create | Villager (Male) |
| 21:39 | Create | Villager (Male) |
| 21:40 | Build | Farm |
| 21:44 | Build | Farm |
| 21:46 | Create | Villager (Male) |
Build order — 04py
First 150 of 596 actions detected
| 0:00 | Create | Villager (Male) |
| 0:00 | Create | Villager (Male) |
| 0:02 | Build | House |
| 0:04 | Build | House |
| 0:08 | Create | Villager (Male) |
| 0:09 | Create | Villager (Male) |
| 1:32 | Create | Villager (Male) |
| 2:04 | Create | Villager (Male) |
| 2:05 | Create | Villager (Male) |
| 2:05 | Create | Villager (Male) |
| 2:17 | Build | Lumber Camp |
| 2:53 | Create | Villager (Male) |
| 2:53 | Create | Villager (Male) |
| 2:53 | Create | Villager (Male) |
| 3:08 | Create | Villager (Male) |
| 3:49 | Build | House |
| 3:53 | Build | House |
| 3:57 | Create | Villager (Male) |
| 3:57 | Create | Villager (Male) |
| 4:03 | Create | Villager (Male) |
| 4:04 | Create | Villager (Male) |
| 4:46 | Build | Mill |
| 4:48 | Create | Villager (Male) |
| 4:49 | Create | Villager (Male) |
| 4:52 | Create | Villager (Male) |
| 4:53 | Create | Villager (Male) |
| 5:23 | Create | Villager (Male) |
| 5:23 | Create | Villager (Male) |
| 5:31 | Create | Villager (Male) |
| 6:01 | Create | Villager (Male) |
| 6:02 | Create | Villager (Male) |
| 6:08 | Create | Villager (Male) |
| 6:08 | Create | Villager (Male) |
| 6:24 | Build | Farm |
| 6:27 | Build | House |
| 6:33 | Create | Villager (Male) |
| 6:42 | Create | Villager (Male) |
| 6:44 | Build | Farm |
| 6:52 | Create | Villager (Male) |
| 6:56 | Build | Farm |
| 8:21 | Research | Feudal Age |
| 9:27 | Create | Villager (Male) |
| 9:27 | Create | Villager (Male) |
| 9:28 | Create | Villager (Male) |
| 10:31 | Age | Feudal Age |
| 10:34 | Build | Market |
| 10:36 | Build | Blacksmith |
| 11:21 | Research | Castle Age |
| 11:35 | Research | Horse Collar |
| 12:02 | Research | Double-Bit Axe |
| 12:08 | Build | Farm |
| 12:14 | Build | Farm |
| 13:28 | Build | Farm |
| 13:31 | Create | Villager (Male) |
| 13:32 | Create | Villager (Male) |
| 14:01 | Age | Castle Age |
| 14:04 | Build | Town Center |
| 14:11 | Build | Town Center |
| 14:12 | Create | Villager (Male) |
| 14:28 | Research | Bow Saw |
| 14:49 | Build | Farm |
| 15:00 | Build | House |
| 15:02 | Create | Villager (Male) |
| 15:09 | Build | Farm |
| 15:25 | Create | Villager (Male) |
| 15:27 | Build | House |
| 15:34 | Build | Farm |
| 15:38 | Create | Villager (Male) |
| 15:38 | Create | Villager (Male) |
| 15:42 | Create | Villager (Male) |
| 15:43 | Create | Villager (Male) |
| 15:43 | Create | Villager (Male) |
| 15:44 | Create | Villager (Male) |
| 15:48 | Build | Farm |
| 15:50 | Build | Farm |
| 15:56 | Build | Farm |
| 15:56 | Create | Villager (Male) |
| 15:57 | Create | Villager (Male) |
| 15:59 | Build | House |
| 16:08 | Build | House |
| 16:19 | Create | Villager (Male) |
| 16:19 | Create | Villager (Male) |
| 16:23 | Build | Farm |
| 16:29 | Build | Farm |
| 16:31 | Create | Villager (Male) |
| 16:31 | Create | Villager (Male) |
| 16:42 | Create | Villager (Male) |
| 16:46 | Build | House |
| 16:54 | Create | Villager (Male) |
| 16:54 | Create | Villager (Male) |
| 17:05 | Build | Farm |
| 17:07 | Create | Villager (Male) |
| 17:23 | Build | Gate |
| 17:24 | Build | House |
| 17:25 | Create | Villager (Male) |
| 17:25 | Create | Villager (Male) |
| 17:28 | Build | Farm |
| 17:29 | Build | Farm |
| 17:30 | Create | Villager (Male) |
| 17:30 | Create | Villager (Male) |
| 17:32 | Build | Farm |
| 17:45 | Build | Farm |
| 17:46 | Create | Villager (Male) |
| 17:46 | Create | Villager (Male) |
| 17:50 | Create | Villager (Male) |
| 17:55 | Build | House |
| 18:01 | Create | Villager (Male) |
| 18:11 | Build | House |
| 18:12 | Create | Villager (Male) |
| 18:12 | Create | Villager (Male) |
| 18:20 | Build | Town Center |
| 18:20 | Create | Villager (Male) |
| 18:21 | Create | Villager (Male) |
| 18:28 | Create | Villager (Male) |
| 18:28 | Create | Villager (Male) |
| 18:30 | Build | Farm |
| 18:32 | Build | Farm |
| 18:35 | Build | Farm |
| 18:40 | Create | Villager (Male) |
| 18:41 | Create | Villager (Male) |
| 18:42 | Create | Villager (Male) |
| 18:45 | Build | House |
| 18:47 | Build | House |
| 18:49 | Create | Villager (Male) |
| 18:55 | Build | Farm |
| 18:59 | Build | Farm |
| 19:02 | Create | Villager (Male) |
| 19:11 | Create | Villager (Male) |
| 19:11 | Create | Villager (Male) |
| 19:13 | Build | House |
| 19:16 | Create | Villager (Male) |
| 19:17 | Create | Villager (Male) |
| 19:25 | Create | Villager (Male) |
| 19:34 | Create | Villager (Male) |
| 19:36 | Create | Villager (Male) |
| 19:37 | Create | Villager (Male) |
| 19:42 | Build | University |
| 19:46 | Create | Villager (Male) |
| 19:55 | Build | House |
| 19:56 | Build | House |
| 19:56 | Build | House |
| 19:57 | Create | Villager (Male) |
| 19:57 | Create | Villager (Male) |
| 20:01 | Create | Villager (Male) |
| 20:01 | Create | Villager (Male) |
| 20:07 | Build | House |
| 20:09 | Create | Villager (Male) |
| 20:09 | Create | Villager (Male) |
| 20:10 | Build | Farm |
| 20:16 | Build | Town Center |
Build order — [LuB]myqbox
First 150 of 579 actions detected
| 0:03 | Create | Villager (Male) |
| 0:03 | Create | Villager (Male) |
| 0:05 | Build | House |
| 0:07 | Build | House |
| 0:18 | Create | Villager (Male) |
| 0:25 | Create | Villager (Male) |
| 1:29 | Create | Villager (Male) |
| 1:57 | Build | Settlement |
| 2:02 | Create | Villager (Male) |
| 2:02 | Create | Villager (Male) |
| 2:18 | Create | Villager (Male) |
| 2:18 | Create | Villager (Male) |
| 2:49 | Create | Villager (Male) |
| 2:50 | Create | Villager (Male) |
| 3:10 | Create | Villager (Male) |
| 3:39 | Create | Villager (Male) |
| 4:08 | Create | Villager (Male) |
| 4:26 | Build | Settlement |
| 4:31 | Create | Villager (Male) |
| 4:32 | Create | Villager (Male) |
| 4:44 | Create | Villager (Male) |
| 4:44 | Create | Villager (Male) |
| 5:17 | Build | Farm |
| 5:18 | Create | Villager (Male) |
| 5:31 | Create | Villager (Male) |
| 5:55 | Create | Villager (Male) |
| 6:22 | Create | Villager (Male) |
| 6:25 | Build | Farm |
| 6:57 | Create | Villager (Male) |
| 7:25 | Create | Villager (Male) |
| 7:48 | Research | Feudal Age |
| 8:28 | Build | Farm |
| 9:29 | Create | Villager (Male) |
| 9:29 | Create | Villager (Male) |
| 10:08 | Age | Feudal Age |
| 10:10 | Build | Market |
| 10:14 | Build | Blacksmith |
| 10:25 | Build | Settlement |
| 10:58 | Research | Castle Age |
| 11:18 | Research | Double-Bit Axe |
| 11:18 | Research | Double-Bit Axe |
| 11:30 | Build | Farm |
| 11:45 | Research | Horse Collar |
| 11:53 | Build | Farm |
| 12:13 | Build | Outpost |
| 12:39 | Create | Villager (Male) |
| 13:24 | Build | House |
| 13:25 | Build | House |
| 13:38 | Age | Castle Age |
| 13:43 | Build | Town Center |
| 13:48 | Build | Town Center |
| 13:56 | Create | Villager (Male) |
| 14:15 | Create | Villager (Male) |
| 14:24 | Research | Bow Saw |
| 14:24 | Research | Bow Saw |
| 14:37 | Create | Villager (Male) |
| 14:51 | Build | Farm |
| 14:55 | Create | Villager (Male) |
| 15:06 | Create | Villager (Male) |
| 15:12 | Build | Farm |
| 15:16 | Create | Villager (Male) |
| 15:18 | Build | Farm |
| 15:21 | Create | Villager (Male) |
| 15:27 | Create | Villager (Male) |
| 15:31 | Build | Farm |
| 15:34 | Build | Farm |
| 15:38 | Build | Farm |
| 15:46 | Create | Villager (Male) |
| 15:48 | Build | Farm |
| 15:54 | Build | Farm |
| 16:02 | Build | House |
| 16:05 | Build | House |
| 16:09 | Build | House |
| 16:10 | Create | Villager (Male) |
| 16:10 | Create | Villager (Male) |
| 16:19 | Build | House |
| 16:24 | Build | House |
| 16:27 | Build | House |
| 16:27 | Create | Villager (Male) |
| 16:30 | Build | House |
| 16:36 | Build | House |
| 16:37 | Create | Villager (Male) |
| 16:40 | Build | Stone Wall |
| 16:53 | Create | Villager (Male) |
| 16:56 | Build | Farm |
| 16:56 | Build | Farm |
| 16:58 | Build | Farm |
| 16:59 | Build | Farm |
| 17:10 | Build | Farm |
| 17:11 | Create | Villager (Male) |
| 17:12 | Create | Villager (Male) |
| 17:21 | Create | Villager (Male) |
| 17:24 | Build | Stone Wall |
| 17:24 | Create | Villager (Male) |
| 17:29 | Build | Stone Wall |
| 17:38 | Build | Stone Wall |
| 17:41 | Build | Stone Wall |
| 17:42 | Create | Villager (Male) |
| 18:00 | Create | Villager (Male) |
| 18:17 | Create | Villager (Male) |
| 18:19 | Build | Farm |
| 18:20 | Build | Farm |
| 18:21 | Build | Farm |
| 18:21 | Create | Villager (Male) |
| 18:24 | Build | Siege Workshop |
| 18:26 | Build | Farm |
| 18:28 | Build | Farm |
| 18:35 | Build | Farm |
| 18:35 | Create | Villager (Male) |
| 18:39 | Create | Villager (Male) |
| 18:47 | Create | Villager (Male) |
| 18:52 | Build | House |
| 18:53 | Build | House |
| 18:54 | Create | Villager (Male) |
| 18:55 | Build | House |
| 18:56 | Build | House |
| 19:02 | Create | Villager (Male) |
| 19:04 | Build | House |
| 19:06 | Build | House |
| 19:07 | Build | House |
| 19:08 | Build | House |
| 19:10 | Build | House |
| 19:11 | Build | Stone Wall |
| 19:12 | Create | Villager (Male) |
| 19:13 | Build | House |
| 19:14 | Build | House |
| 19:15 | Build | House |
| 19:18 | Build | Farm |
| 19:18 | Build | Farm |
| 19:19 | Build | Farm |
| 19:26 | Create | Villager (Male) |
| 19:38 | Build | Settlement |
| 19:39 | Create | Villager (Male) |
| 19:44 | Research | Gold Mining |
| 19:52 | Create | Villager (Male) |
| 19:53 | Create | Villager (Male) |
| 20:01 | Build | Farm |
| 20:03 | Create | Villager (Male) |
| 20:06 | Build | Farm |
| 20:12 | Create | Villager (Male) |
| 20:14 | Create | Villager (Male) |
| 20:16 | Create | Villager (Male) |
| 20:17 | Create | Villager (Male) |
| 20:29 | Research | Stone Mining |
| 20:30 | Research | Stone Mining |
| 20:35 | Build | Farm |
| 20:36 | Create | Villager (Male) |
| 20:38 | Create | Villager (Male) |
| 20:47 | Build | Farm |
| 20:48 | Create | Villager (Male) |
Match timeline
| 7:38 | Dfx2, l'Immondice · age_up feudal |
| 9:41 | GKT_Cloud · age_up feudal |
| 10:08 | [LuB]myqbox · age_up feudal |
| 10:31 | 04py · age_up feudal |
| 10:31 | RoRo_FleXx · age_up feudal |
| 10:32 | Shulk · age_up feudal |
| 10:32 | GKT_Cloud · first_market_sell 100 stone |
| 10:41 | GKT_Cloud · wall_segment Stone Wall x1 |
| 10:56 | TAG_Sitaux · age_up feudal |
| 10:56 | [LuB]夢夢 · age_up feudal |
| 10:59 | [LuB]夢夢 · first_building Stable |
| 11:44 | RoRo_FleXx · first_market_sell 100 stone |
| 11:45 | RoRo_FleXx · first_market_buy 100 food |
| 12:38 | Dfx2, l'Immondice · first_market_buy 100 food |
| 12:39 | Dfx2, l'Immondice · first_market_sell 100 wood |
| 13:21 | Dfx2, l'Immondice · wall_segment Stone Wall x18 |
| 13:31 | GKT_Cloud · age_up castle |
| 13:35 | GKT_Cloud · first_building Siege Workshop |
| 13:37 | [LuB]夢夢 · age_up castle |
| 13:38 | [LuB]myqbox · age_up castle |
| 14:01 | 04py · age_up castle |
| 14:11 | Dfx2, l'Immondice · wall_segment Stone Wall x4 |
| 14:27 | TAG_Sitaux · age_up castle |
| 14:31 | Shulk · age_up castle |
| 14:53 | RoRo_FleXx · age_up castle |
| 14:56 | Dfx2, l'Immondice · wall_segment Stone Wall x7 |
| 14:57 | RoRo_FleXx · first_building Castle |
| 15:14 | Dfx2, l'Immondice · wall_segment Stone Wall x11 |
| 15:48 | Dfx2, l'Immondice · age_up castle |
| 15:50 | TAG_Sitaux · first_building Monastery |
| 15:56 | Dfx2, l'Immondice · first_building Siege Workshop |
| 16:39 | Dfx2, l'Immondice · wall_segment Stone Wall x1 |
| 16:40 | [LuB]myqbox · wall_segment Stone Wall x1 |
| 17:00 | Shulk · wall_segment Palisade Wall x1 |
| 17:01 | Shulk · wall_segment Palisade Wall x1 |
| 17:03 | Shulk · wall_segment Palisade Wall x1 |
| 17:08 | Shulk · wall_segment Palisade Wall x1 |
| 17:09 | Shulk · wall_segment Palisade Wall x1 |
| 17:14 | Shulk · wall_segment Palisade Wall x1 |
| 17:17 | Shulk · wall_segment Palisade Wall x1 |
| 17:24 | [LuB]myqbox · wall_segment Stone Wall x3 |
| 17:29 | [LuB]myqbox · wall_segment Stone Wall x5 |
| 17:38 | [LuB]myqbox · wall_segment Stone Wall x3 |
| 17:41 | [LuB]myqbox · wall_segment Stone Wall x4 |
| 17:47 | Shulk · first_building Siege Workshop |
| 18:21 | TAG_Sitaux · first_building Siege Workshop |
| 18:24 | [LuB]myqbox · first_building Siege Workshop |
| 18:35 | TAG_Sitaux · first_market_buy 100 food |
| 19:11 | [LuB]myqbox · wall_segment Stone Wall x1 |
| 19:44 | RoRo_FleXx · first_building Barracks |
| 19:56 | Shulk · wall_segment Stone Wall x1 |
| 19:57 | Shulk · wall_segment Stone Wall x1 |
| 20:06 | Shulk · wall_segment Stone Wall x4 |
| 20:12 | [LuB]myqbox · first_market_buy 100 food |
| 20:24 | RoRo_FleXx · first_building Monastery |
| 20:27 | Shulk · wall_segment Stone Wall x15 |
| 20:31 | Shulk · wall_segment Stone Wall x1 |
| 20:33 | 04py · wall_segment Stone Wall x1 |
| 21:02 | GKT_Cloud · first_market_buy 100 stone |
| 21:36 | 04py · wall_segment Stone Wall x1 |
| 21:37 | 04py · wall_segment Stone Wall x1 |
| 21:39 | 04py · wall_segment Stone Wall x1 |
| 22:09 | Shulk · first_building Castle |
| 22:46 | [LuB]myqbox · first_building Monastery |
| 22:48 | 04py · first_building Siege Workshop |
| 23:10 | TAG_Sitaux · first_market_sell 100 food |
| 23:12 | Shulk · first_building Monastery |
| 23:17 | TAG_Sitaux · first_building Castle |
| 23:20 | [LuB]myqbox · first_market_sell 100 wood |
| 24:00 | [LuB]myqbox · first_building Castle |
| 24:29 | Dfx2, l'Immondice · first_building Castle |
| 24:40 | TAG_Sitaux · wall_segment Palisade Wall x1 |
| 24:54 | TAG_Sitaux · wall_segment Stone Wall x1 |
| 24:56 | Dfx2, l'Immondice · wall_segment Stone Wall x1 |
| 26:14 | Shulk · first_market_sell 100 wood |
| 26:55 | [LuB]myqbox · age_up imperial |
| 27:15 | [LuB]夢夢 · first_market_sell 100 food |
| 27:17 | [LuB]夢夢 · first_market_buy 100 wood |
| 27:31 | 04py · first_building Castle |
| 28:02 | TAG_Sitaux · first_building Barracks |
| 28:53 | TAG_Sitaux · age_up imperial |
| 29:20 | 04py · first_building Barracks |
| 29:25 | Shulk · first_market_buy 100 stone |
| 29:44 | Shulk · age_up imperial |
| 29:57 | [LuB]夢夢 · first_building Castle |
| 30:15 | TAG_Sitaux · first_building Archery Range |
| 30:23 | GKT_Cloud · first_building Castle |
| 30:45 | RoRo_FleXx · first_building Stable |
| 30:58 | [LuB]myqbox · wall_segment Stone Wall x1 |
| 32:06 | Dfx2, l'Immondice · age_up imperial |
| 32:50 | 04py · age_up imperial |
| 33:23 | [LuB]夢夢 · age_up imperial |
| 33:45 | RoRo_FleXx · age_up imperial |
| 34:01 | 04py · first_market_sell 100 food |
| 34:50 | GKT_Cloud · age_up imperial |
| 34:57 | Dfx2, l'Immondice · first_building Barracks |
| 35:17 | TAG_Sitaux · wall_segment Stone Wall x1 |
| 35:29 | Dfx2, l'Immondice · wall_segment Stone Wall x1 |
| 35:38 | Dfx2, l'Immondice · wall_segment Stone Wall x1 |
| 35:47 | [LuB]myqbox · first_building Barracks |
| 35:56 | Shulk · first_building Barracks |
| 37:31 | [LuB]夢夢 · tribute_sent a jugador 1 |
| 37:31 | [LuB]夢夢 · tribute_sent a jugador 3 |
| 37:31 | [LuB]夢夢 · tribute_sent a jugador 4 |
| 37:31 | [LuB]夢夢 · tribute_sent a jugador 5 |
| 37:31 | [LuB]夢夢 · tribute_sent a jugador 6 |
| 37:31 | [LuB]夢夢 · tribute_sent a jugador 7 |
| 37:31 | [LuB]夢夢 · tribute_sent a jugador 8 |
| 37:56 | Dfx2, l'Immondice · first_building Stable |
| 37:57 | Dfx2, l'Immondice · first_building Archery Range |
| 39:18 | [LuB]myqbox · first_building Archery Range |
| 41:35 | [LuB]夢夢 · tribute_sent a jugador 1 |
| 41:35 | [LuB]夢夢 · tribute_sent a jugador 3 |
| 41:35 | [LuB]夢夢 · tribute_sent a jugador 4 |
| 41:35 | [LuB]夢夢 · tribute_sent a jugador 5 |
| 41:35 | [LuB]夢夢 · tribute_sent a jugador 6 |
| 41:35 | [LuB]夢夢 · tribute_sent a jugador 7 |
| 41:35 | [LuB]夢夢 · tribute_sent a jugador 8 |
| 42:16 | [LuB]夢夢 · wall_segment Stone Wall x36 |
| 42:28 | [LuB]myqbox · tribute_sent a jugador 1 |
| 42:28 | [LuB]myqbox · tribute_sent a jugador 2 |
| 42:28 | [LuB]myqbox · tribute_sent a jugador 3 |
| 42:28 | [LuB]myqbox · tribute_sent a jugador 4 |
| 42:28 | [LuB]myqbox · tribute_sent a jugador 5 |
| 42:28 | [LuB]myqbox · tribute_sent a jugador 6 |
| 42:28 | [LuB]myqbox · tribute_sent a jugador 7 |
| 43:16 | [LuB]夢夢 · wall_segment Stone Wall x1 |
| 43:19 | [LuB]夢夢 · wall_segment Stone Wall x11 |
| 43:23 | Shulk · wall_segment Stone Wall x1 |
| 43:37 | RoRo_FleXx · wall_segment Stone Wall x1 |
| 44:43 | Dfx2, l'Immondice · wall_segment Stone Wall x1 |
| 44:56 | TAG_Sitaux · tribute_sent a jugador 2 |
| 44:56 | TAG_Sitaux · tribute_sent a jugador 3 |
| 44:56 | TAG_Sitaux · tribute_sent a jugador 4 |
| 44:56 | TAG_Sitaux · tribute_sent a jugador 5 |
| 44:56 | TAG_Sitaux · tribute_sent a jugador 6 |
| 44:56 | TAG_Sitaux · tribute_sent a jugador 7 |
| 44:56 | TAG_Sitaux · tribute_sent a jugador 8 |
| 44:56 | Shulk · tribute_sent a jugador 1 |
| 44:56 | Shulk · tribute_sent a jugador 2 |
| 44:56 | Shulk · tribute_sent a jugador 3 |
| 44:56 | Shulk · tribute_sent a jugador 4 |
| 44:56 | Shulk · tribute_sent a jugador 6 |
| 44:56 | Shulk · tribute_sent a jugador 7 |
| 44:56 | Shulk · tribute_sent a jugador 8 |
| 45:00 | Dfx2, l'Immondice · wall_segment Stone Wall x1 |
| 45:53 | Dfx2, l'Immondice · wall_segment Stone Wall x2 |
| 46:16 | Dfx2, l'Immondice · wall_segment Stone Wall x1 |
| 46:18 | Dfx2, l'Immondice · wall_segment Stone Wall x2 |
| 46:48 | TAG_Sitaux · tribute_sent a jugador 2 |
| 46:48 | TAG_Sitaux · tribute_sent a jugador 3 |
| 46:48 | TAG_Sitaux · tribute_sent a jugador 4 |
| 46:48 | TAG_Sitaux · tribute_sent a jugador 5 |
| 46:48 | TAG_Sitaux · tribute_sent a jugador 6 |
| 46:48 | TAG_Sitaux · tribute_sent a jugador 7 |
| 46:48 | TAG_Sitaux · tribute_sent a jugador 8 |
| 46:50 | [LuB]夢夢 · wall_segment Stone Wall x6 |
| 46:58 | [LuB]夢夢 · wall_segment Stone Wall x32 |
| 47:31 | [LuB]夢夢 · wall_segment Stone Wall x5 |
| 47:45 | [LuB]夢夢 · wall_segment Stone Wall x21 |
| 47:55 | Shulk · wall_segment Stone Wall x5 |
| 47:59 | 04py · tribute_sent a jugador 1 |
| 47:59 | 04py · tribute_sent a jugador 2 |
| 47:59 | 04py · tribute_sent a jugador 3 |
| 47:59 | 04py · tribute_sent a jugador 4 |
| 47:59 | 04py · tribute_sent a jugador 5 |
| 47:59 | 04py · tribute_sent a jugador 7 |
| 47:59 | 04py · tribute_sent a jugador 8 |
| 48:57 | Shulk · resign |
[ AI ANALYSIS · 1 CREDIT ]
What really happened in this match?
Wolo.gg analyzes every decision: build order, eco, micro, common mistakes by bracket. Personalized analysis on WhatsApp or Discord in 30 seconds.
Civ guide
Malians
Perfil
Jugador #2461739